 Dungeon Crawl Stone Soup version 0.28.0-53-g5a82cb258f (webtiles) character file.

Game seed: 12016245774486719578

708 Tirrikindir the Slasher (level 7, -8/48 HPs)
             Began as an Octopode Fighter on Aug 16, 2022.
             Was a Believer of Dithmenos.
             Mangled by Duvessa
             ... wielding a +0 short sword of venom
              (18 damage)
             ... on level 5 of the Dungeon.
             The game lasted 00:07:59 (4712 turns).

Tirrikindir the Slasher (Octopode Fighter)          Turns: 4712, Time: 00:08:03

Health: -8/48      AC:  1    Str: 16    XL:     7   Next: 67%
Magic:  8/9        EV: 14    Int: 10    God:    Dithmenos [**....]
Gold:   286        SH:  5    Dex: 13    Spells: 6/6 levels left

rFire   . . .      SeeInvis .   a - +1 long sword
rCold   . . .      Faith    .   b - +0 buckler
rNeg    . . .      Spirit   .   (helmet restricted)
rPois   +          Reflect  .   (no amulet)
rElec   .          Harm     .   e - ring of flight
rCorr   .          Rampage  .   p - ring of poison resistance
Will    .....                   (no ring)
Stlth   ++++......              (no ring)
HPRegen 0.16/turn               (no ring)
MPRegen 0.11/turn               (no ring)
                                (no ring)
                                (no ring)

@: lethally poisoned (-8 -> -24), flying, wreathed by umbra
A: almost no armour, amphibious, 8 rings, camouflage 1, gelatinous body 1,
(nimble swimmer 1), tentacles
a: Renounce Religion, Shadow Step


You were on level 5 of the Dungeon.
You worshipped Dithmenos.
Dithmenos was pleased with you.
You visited 2 branches of the dungeon, and saw 6 of its levels.

You collected 286 gold pieces.

Inventory:

Hand Weapons
 a - a +1 long sword (weapon)
 n - the +6 spear "Vueqi" {drain, rF++ rCorr Int+2}
   (You found it on level 4 of the Dungeon)

   A truly terrible weapon, it drains the life of any living foe it strikes.
   Int:       It affects your intelligence (+2).
   rF:        It greatly protects you from fire.
   rCorr:     It protects you from acid and corrosion.
Missiles
 h - 3 boomerangs (quivered)
Armour
 b - a +0 buckler (worn)
Jewellery
 e - a ring of flight (left tentacle)
 p - a ring of poison resistance (right tentacle)
Wands
 g - a wand of iceblast (9)
 l - a wand of acid (7)
Scrolls
 f - a scroll of blinking
 r - a scroll of immolation {unknown}
Potions
 c - 3 potions of might
 d - a potion of resistance
 i - a potion of lignification
 j - a potion of brilliance {unknown}
 k - a potion of magic {unknown}
 m - 5 potions of curing
 o - a potion of mutation {unknown}
 q - a potion of heal wounds


   Skills:
 - Level 4.0 Fighting
 * Level 4.5 Long Blades
 - Level 2.0 Throwing
 - Level 4.0 Dodging
 + Level 3.7 Stealth
 - Level 4.0 Shields
 + Level 2.7 Invocations
 + Level 2.6 Evocations


You had 6 spell levels left.
You didn't know any spells.
Your spell library contained the following spells:

 Spells                   Type           Power      Damage    Failure   Level
 Confusing Touch          Hex            0%         N/A       82%         3
 Stone Arrow              Conj/Erth      0%         3d7       82%         3
 Yara's Violent Unravell  Hex/Tmut       0%         3d3       100%        5
 Enfeeble                 Hex            0%         N/A       100%        7
 Lehudib's Crystal Spear  Conj/Erth      0%         10d2      100%        8
 Animate Armour           Summ/Erth      Unusable   N/A       N/A         4

Dungeon Overview and Level Annotations

Branches:
Dungeon (5/15)             Temple (1/1) D:4

Altars:
Ashenzari
Cheibriados
Dithmenos
Elyvilon
Fedhas
Gozag
Hepliaklqana
Makhleb
Nemelex Xobeh
Okawaru
Qazlal
Ru
Sif Muna
Uskayaw
Wu Jian
Yredelemnul
Zin
The Shining One

Annotations:
D:5 Duvessa


Innate Abilities, Weirdness & Mutations

You cannot wear most types of armour.
You are amphibious.
You can wear up to eight rings at the same time.
Your skin changes colour to match your surroundings (Stealth+).
Your rubbery body absorbs attacks. (AC +1, EV +1)
((You are camouflaged when in or above water. (Stealth+)))
You have tentacles for arms and can constrict up to eight enemies at once.


Message History

Okay, then.
You now have 286 gold pieces (gained 14).
Dowan, Brother of Duvessa comes into view.
He is wielding a +0 dagger.
Duvessa, Sister of Dowan comes into view.
She is wielding a +0 short sword of venom.
Found 10 gold pieces.
Dowan shouts!
You barely miss Dowan.
Duvessa shouts!
Your grab misses Dowan. You squeeze Dowan!
Dowan is heavily wounded.
Dowan closely misses you.
You hit Duvessa but do no damage. You grab Duvessa.
You constrict Duvessa, but do no damage.
Duvessa closely misses you. Dowan hits you with a +0 dagger!
You barely miss Dowan. You grab Dowan.
Dowan is heavily wounded.
You constrict Duvessa, but do no damage.
You constrict Dowan.
Duvessa hits you with a +0 short sword of venom.
Dowan barely misses you.
You hit Dowan. You squeeze Dowan.
You kill Dowan!
Dithmenos accepts your kill.
Duvessa screams in rage.
Duvessa goes berserk!
You constrict Duvessa, but do no damage.
You block Duvessa's attack. Duvessa closely misses you.
You slash Duvessa! You squeeze Duvessa.
Duvessa is lightly wounded.
You constrict Duvessa, but do no damage.
Duvessa hits you with a +0 short sword of venom!
You are poisoned.
Duvessa hits you with a +0 short sword of venom!
You hit Duvessa. You squeeze Duvessa.
Duvessa is moderately wounded.
You constrict Duvessa, but do no damage.
* * * LOW HITPOINT WARNING * * *
You feel very sick.
Duvessa hits you with a +0 short sword of venom!!
You die...

..# ### ..# # # #.# ##
##. #.# #. . ##.# #.###
#. #.####..# #...#####.
#.$.....####
##......###
#.........###..####..##
##...e@###.....# ##..#
##..)## ###..<# #.^#
##.. ##..# ##..# #..
#..# ##..## #..
#.>###..## #..
##.....### # #..
##.....## ## #..
#.....†# ##. ..####..#
##.#


You could see Duvessa (berserk).

Vanquished Creatures
  Eustachio (D:5)
  A phantom (D:5)
  A bullfrog (D:3)
  A scorpion (D:5)
  Dowan (D:5)
  A bullfrog zombie (D:5)
  2 hounds
  A bullfrog skeleton (D:4)
  Crazy Yiuf (D:5)
  Jessica (D:3)
  An iguana (D:5)
  6 adders
  An adder skeleton (D:5)
  A worm (D:2)
  A dart slug (D:3)
  3 orcs (D:5)
  2 ball pythons
  8 endoplasms
  A giant cockroach (D:4)
  3 goblins
  6 hobgoblins
  8 jackals (D:3)
  4 quokkas
  5 frilled lizards
  3 kobolds
  3 rats
67 creatures vanquished.

Vanquished Creatures (others)
  6 plants (D:5)
6 creatures vanquished.

Grand Total: 73 creatures vanquished

Notes
Turn   | Place    | Note
-------+----------+-------------------------------------------
     0 | D:1      | Tirrikindir the Octopode Fighter began the quest for the
                  | Orb.
     0 | D:1      | Reached XP level 1. HP: 16/16 MP: 1/1
   590 | D:1      | Found a faded altar of an unknown god.
   598 | D:1      | Prayed at the altar of an unknown god.
   598 | D:1      | Became a worshipper of Dithmenos the Shadowed
   598 | D:1      | Reached * piety under Dithmenos
   666 | D:1      | Reached XP level 2. HP: 17/21 MP: 2/2
  1122 | D:2      | Reached skill level 1 in Stealth
  1122 | D:2      | Reached XP level 3. HP: 25/26 MP: 3/3
  1921 | D:3      | Noticed Jessica
  1923 | D:3      | Killed Jessica
  1924 | D:3      | Reached XP level 4. HP: 31/31 MP: 4/4
  2139 | D:3      | Reached skill level 1 in Invocations
  2186 | D:3      | Noticed a bullfrog
  2220 | D:3      | Killed a bullfrog
  2221 | D:3      | Reached XP level 5. HP: 20/36 MP: 4/6
  2407 | D:3      | Reached skill level 1 in Evocations
  2441 | D:3      | Reached skill level 1 in Throwing
  2551 | D:3      | Found a glowing silver altar of Zin.
  3127 | D:4      | Identified the +6 spear "Vueqi" {drain, rF++ rCorr Int+2}
  3211 | D:4      | Found a hide-covered altar of Uskayaw.
  3232 | D:4      | Reached XP level 6. HP: 36/42 MP: 7/7
  3340 | D:4      | Found a staircase to the Ecumenical Temple.
  3361 | Temple   | Entered the Ecumenical Temple
  3588 | D:5      | Entered Level 5 of the Dungeon
  3616 | D:5      | Found a runed translucent door.
  3617 | D:5      | Noticed Crazy Yiuf
  3623 | D:5      | Killed Crazy Yiuf
  3623 | D:5      | Reached ** piety under Dithmenos
  3868 | D:5      | Noticed Eustachio
  3877 | D:5      | Killed Eustachio
  3878 | D:5      | Reached XP level 7. HP: 14/47 MP: 8/8
  4222 | D:5      | Found a sacrificial altar of Ru.
  4703 | D:5      | Noticed Dowan
  4704 | D:5      | Noticed Duvessa
  4710 | D:5      | Killed Dowan
  4712 | D:5      | Mangled by Duvessa

Illustrated notes

Levels and vault maps discovered:
D:1:      dpeg_arrival_houses_and_road, layout_basic,
          shapermc_ecumenical_altar_totnotflames
D:2:      layout_basic
D:3:      minmay_angry_zag, layout_loops_ring, zin_statuary, minmay_cupped,
          uniq_jessica
D:4:      layout_basic, lemuel_doored_altar, minmay_temple_entry_mini_moons
D:5:      layout_layer_cave, mainiacjoe_overflow_catwalk,
          guppyfry_early_lair_pool, uniq_eustachio, uniq_duvessa,
          uniq_crazy_yiuf_cottage
Temple:   nicolae_temple_no_exploring_needed

Skill      XL: |  1  2  3  4  5  6  7 |
---------------+----------------------+-----
Stealth        | 1 2 3 |  3.7
Long Blades    | 3 4 |  4.5
Invocations    | 1 2 |  2.7
Evocations     | 1 2 |  2.6
Throwing       | 1 2 |  2.0
Fighting       | 4 |  4.0
Shields        | 4 |  4.0
Dodging        | 4 |  4.0

Action                   |  1- 3 |  4- 6 |  7- 9 || total
-------------------------+-------+-------+-------++-------
Melee: Long sword        |    44 |    73 |    16 ||   133
       Constrict         |     9 |    17 |     7 ||    33
       Tentacles         |     7 |    18 |     6 ||    31
       Punch             |     1 |     1 |       ||     2
Throw: Boomerang         |       |     2 |       ||     2
Evoke: Wand              |       |     2 |     2 ||     4
  Use: Scroll            |     2 |     3 |     1 ||     6
       Potion            |       |     1 |     1 ||     2
 Stab: Sleeping          |     6 |    11 |     1 ||    18
       Distracted        |     1 |       |       ||     1
Armor: Skin              |     1 |     3 |       ||     4
Dodge: Dodged            |    26 |    36 |     7 ||    69
Block: Buckler           |     7 |    13 |     3 ||    23
